 Dungeon Crawl Stone Soup version 0.28.0 (webtiles) character file.

Game seed: 13177159119708425754

271 sasquatch the Chopper (level 6, -10/56 HPs)
             Began as a Hill Orc Monk on Feb 6, 2022.
             Was a Believer of Beogh.
             Killed by divine providence
             ... invoked by an orc priest
              (13 damage)
             ... on level 5 of the Dungeon.
             The game lasted 00:03:46 (3898 turns).

sasquatch the Chopper (Hill Orc Monk)               Turns: 3898, Time: 00:03:46

Health: -10/56     AC: 15    Str: 16    XL:     6   Next: 23%
Magic:  6/6        EV: 10    Int: 10    God:    Beogh [**....]
Gold:   132        SH:  0    Dex: 19    Spells: 5/5 levels left

rFire   . . .      SeeInvis .   a - +0 hand axe
rCold   . . .      Faith    .   (no shield)
rNeg    . . .      Spirit   .   s - +0 scale mail
rPois   .          Reflect  .   (no helmet)
rElec   .          Harm     .   o - +0 cloak
rCorr   .          Rampage  .   g - +2 pair of gloves
Will    .....                   l - +2 pair of boots
Stlth   +.........              (no amulet)
HPRegen 0.18/turn               n - +6 ring of dexterity
MPRegen 0.10/turn               f - ring of flight

@: flying
A: iridescent scales 1, deterioration 1
a: Renounce Religion, Smiting


You were on level 5 of the Dungeon.
You worshipped Beogh.
Beogh was pleased with you.
You visited 1 branch of the dungeon, and saw 5 of its levels.

You collected 132 gold pieces.

Inventory:

Hand Weapons
 a - a +0 hand axe (weapon)
Armour
 g - a +2 pair of gloves (worn)
 h - a +0 chain mail
 l - a +2 pair of boots (worn)
 o - a +0 cloak (worn)
 s - a +0 scale mail (worn)
Jewellery
 f - a ring of flight (right hand)
 n - a +6 ring of dexterity (left hand)
Scrolls
 c - 2 scrolls of fear {unknown}
 e - 4 scrolls of enchant weapon {unknown}
 i - a scroll of amnesia {unknown}
 j - 5 scrolls of identify {unknown}
 k - a scroll of brand weapon {unknown}
 p - a scroll of silence {unknown}
Potions
 d - a potion of berserk rage {unknown}
 m - a potion of heal wounds {unknown}
 r - 2 potions of curing
 t - a potion of might {unknown}
 u - a potion of mutation


   Skills:
 + Level 5.1 Fighting
 * Level 6.9 Axes
 - Level 2.4 Dodging
 + Level 3.1 Stealth


You had 5 spell levels left.
You didn't know any spells.
Your spell library contained the following spells:

 Spells                   Type           Power      Damage    Failure   Level
 Freeze                   Ice            0%         1d3       82%         1
 Magic Dart               Conj           0%         1d3       82%         1
 Searing Ray              Conj           0%         2d4       91%         2
 Sublimation of Blood     Necr           0%         N/A       91%         2
 Wereblood                Tmut           0%         N/A       91%         2
 Frozen Ramparts          Ice            0%         1d2       99%         3
 Stone Arrow              Conj/Erth      0%         3d7       99%         3
 Animate Armour           Summ/Erth      0%         N/A       100%        4
 Fulminant Prism          Conj/Hex       0%         3d6       100%        4
 Hailstorm                Conj/Ice       0%         3d3       100%        4
 Summon Hydra             Summ           0%         N/A       100%        7
 Lehudib's Crystal Spear  Conj/Erth      0%         10d2      100%        8


Dungeon Overview and Level Annotations

Branches:
Dungeon (5/15)
 Temple: D:4-7

Altars:
Hepliaklqana
Zin


Innate Abilities, Weirdness & Mutations

You are partially covered in iridescent scales. (AC +2)
Your body sometimes deteriorates upon taking damage.


Message History

The orc priest shouts!
You hear a shout! x2
The orc throws a boomerang.
The boomerang closely misses you.
An iguana comes into view.
An orc comes into view. It is wielding a +0 short sword.
The orc shouts!
You hear a shout!
An orc comes into view. It is wielding a +0 dagger.
Found 28 stones.
The orc priest calls down the wrath of Beogh upon you.
Beogh smites you!
The orc throws a boomerang.
The boomerang barely misses you.
An orc priest comes into view. It is wielding a +0 whip.
Found an opal ring.
The iguana hisses angrily.
The orc priest shouts!
The orc priest hits you but does no damage.
The orc priest invokes the aid of Beogh against you.
Beogh smites you!
The orc throws a boomerang.
The boomerang hits you.
An orc comes into view. It is wielding a +0 club.
The orc priest mumbles some strange prayers to Beogh against you.
Beogh smites you!
* * * LOW HITPOINT WARNING * * *
The orc throws a boomerang.
The boomerang hits you but does no damage.
Unknown command.
Unknown command.
It was a potion of curing.
You feel better.
The orc throws a boomerang.
The boomerang closely misses you.
Unknown command.
Unknown command.
The orc priest calls down the wrath of Beogh upon you.
Beogh smites you!
* * * LOW HITPOINT WARNING * * *
Unknown command.
Unknown command.
It was a potion of mutation.
You feel extremely strange.
You feel yourself wasting away.
Iridescent scales grow over part of your body.
The orc hits you but does no damage.
The orc priest invokes the aid of Beogh against you.
Beogh smites you!
You die...
Beogh appreciates the orc priest's killing of a heretic priest.

#...# .?.# #[.# ..#
##########.## ######
=.......##..### #....#
..............# #.##.###
.......l......# #.##...#
..oo..ooo@....####....#.#
........###.>.....)...#.#
....$...# #####..######.#
.....o..# #.=...[...#
...(....# ##.########
........# #.# ........#
#.# .......(# #.# #.#


You could see an iguana, 2 orc priests and 4 orcs.

Vanquished Creatures
  A bullfrog skeleton (D:4)
  A hound (D:4)
  A jelly (D:4)
  An orc wizard (D:3)
  An iguana (D:4)
  3 adders
  An ufetubus (D:4)
  An adder skeleton (D:4)
  4 worms
  2 dart slugs (D:3)
  3 orcs
  2 endoplasms
  4 giant cockroaches
  9 goblins
  8 hobgoblins
  3 quokkas
  8 ball pythons
  3 bats
  5 kobolds
  4 rats
65 creatures vanquished.

Vanquished Creatures (others)
  A howler monkey (D:4)
1 creature vanquished.

Grand Total: 66 creatures vanquished

Notes
Turn   | Place    | Note
-------+----------+-------------------------------------------
     0 | D:1      | sasquatch the Hill Orc Monk began the quest for the Orb.
     0 | D:1      | Reached XP level 1. HP: 19/19 MP: 1/1
   822 | D:1      | Reached XP level 2. HP: 27/27 MP: 2/2
  1243 | D:2      | Reached XP level 3. HP: 30/33 MP: 3/3
  1510 | D:2      | Reached skill level 5 in Axes
  1772 | D:2      | Found a faded altar of an unknown god.
  2076 | D:3      | Found a hazy altar of Hepliaklqana.
  2423 | D:3      | Reached XP level 4. HP: 39/40 MP: 4/4
  3118 | D:4      | Reached skill level 6 in Axes
  3118 | D:4      | Reached XP level 5. HP: 32/47 MP: 5/5
  3491 | D:4      | Found a glowing silver altar of Zin.
  3491 | D:4      | Noticed an angel
  3549 | D:4      | Became a worshipper of Beogh the Brigand
  3549 | D:4      | Reached * piety under Beogh
  3549 | D:4      | Reached ** piety under Beogh
  3552 | D:4      | Reached XP level 6. HP: 55/55 MP: 6/6
  3582 | D:4      | Reached skill level 5 in Fighting
  3840 | D:5      | Entered Level 5 of the Dungeon
  3898 | D:5      | Gained mutation: Your body sometimes deteriorates upon
                  | taking damage. [potion of mutation]
  3898 | D:5      | Gained mutation: You are partially covered in iridescent
                  | scales. (AC +2) [potion of mutation]
  3898 | D:5      | Killed from afar by an orc priest

Illustrated notes

Levels and vault maps discovered:
D:1:      evilmike_arrival_come_back, layout_basic
D:2:      layout_basic, nicolae_ecumenical_pavilion
D:3:      layout_basic, old_standard_altar
D:4:      layout_cave_pools, zin_angel
D:5:      layout_basic

Skill      XL: |  1  2  3  4  5  6 |
---------------+-------------------+-----
Stealth        | 2 3 |  3.1
Fighting       | 4 5 |  5.1
Axes           | 5 6 |  6.9
Dodging        | |  2.4

Action                   |  1- 3 |  4- 6 || total
-------------------------+-------+-------++-------
Melee: Hand axe          |   112 |   122 ||   234
       Punch             |     1 |       ||     1
Invok: Convert to Beogh  |       |     1 ||     1
  Use: Potion            |       |     2 ||     2
 Stab: Sleeping          |     4 |       ||     4
Armor: Robe              |    18 |       ||    18
       Scale mail        |    14 |    63 ||    77
Dodge: Dodged            |    68 |    52 ||   120
